Map: 애씨드 플랜트 - 래더

Players

HeRoMaRinE

  • Race: Terran Terran
  • League: Master
  • Spawn Location: 11:00

soO - Winner!

  • Race: Zerg Zerg
  • League: Master
  • Spawn Location: 5:00

Event: HomeStory Cup XVII

VOD

Have the link to the VOD?

Description

Time

  • Played on: June 29, 2018, 8:40 a.m.
  • Length: 15:06

All games in this series

Show
View Real Time Build Order
Export as new Build Order

HeRoMaRinE Terran 

Build Orders: Hellion Opening, Reaper Expand, Bio Mine 

Get SALT Encoding   

  12  0:00  SCV  
  13  0:13  SCV  
  14  0:17  Supply Depot  
  14  0:25  SCV  
  15  0:38  SCV  
  15  0:40  Barracks  
  16  0:43  Refinery  
  16  0:50  SCV  
  17  1:03  SCV  
  18  1:15  SCV  
  19  1:27  Reaper  
  19  1:28  Orbital Command  
  20  1:39  Command Center  
  20  1:49  Supply Depot  
  20  1:53  SCV  
  21  1:59  Marine  
  22  2:05  SCV  
  22  2:07  Factory  
  23  2:11  Refinery  
  23  2:17  SCV  
  23  2:19  Barracks Reactor  
  24  2:29  SCV  
  25  2:41  SCV  
  26  2:51  Starport  
  26  2:52  Orbital Command  
  26  2:53  SCV  
  27  3:02  Hellion x2  
  31  3:05  SCV  
  31  3:06  Barracks Tech Lab  
  32  3:18  SCV x2  
  34  3:23  Hellion  
  34  3:24  Hellion  
  34  3:26  Supply Depot  
  38  3:30  SCV x2  
  40  3:37  Raven  
  42  3:42  SCV x2  
  42  3:47  Hellion  
  42  3:48  Hellion, Supply Depot, Barracks Tech Lab  
  47  3:54  SCV x2  
  49  4:06  SCV x2  
  49  4:08  Cyclone  
  54  4:10  Cyclone  
  54  4:11  Supply Depot  
  54  4:16  Marine  
  58  4:18  SCV x2  
  58  4:24  Viking  
  62  4:29  Command Center  
  62  4:33  SCV x2  
  62  4:35  Supply Depot  
  62  4:36  Marine  
  65  4:43  Stimpack  
  65  4:45  SCV x2  
  67  4:54  Marine  
  67  4:56  Barracks  
  67  4:57  SCV x2  
  70  5:00  Barracks  
  70  5:04  Starport Reactor  
  70  5:07  Refinery, Engineering Bay x2  
  70  5:09  Refinery  
  70  5:11  Marine  
  72  5:14  SCV x2  
  72  5:19  Siege Tank  
  76  5:22  Supply Depot  
  76  5:26  SCV x2  
  78  5:39  SCV x2  
  78  5:41  Marine  
  75  5:44  Marine x2  
  75  5:49  Barracks  
  81  5:51  Supply Depot  
  81  5:53  Barracks Reactor, Supply Depot, SCV x2  
  83  5:59  Marine  
  83  6:01  Terran Infantry Armor Level 1, Terran Infantry Weapons Level 1  
  83  6:02  Marine x2  
  83  6:03  Barracks  
  82  6:06  SCV x2, Siege Tank  
  87  6:15  Orbital Command  
  87  6:16  Marine  
  89  6:18  SCV x2  
  89  6:20  Marine x2  
  89  6:21  Medivac x2  
  90  6:30  SCV x2  
  92  6:32  Marine  
  92  6:33  Marine  
  92  6:34  Marine  
  92  6:37  Marine  
  92  6:38  Marine  
  92  6:39  Supply Depot  
  97  6:40  Barracks Reactor  
  97  6:41  SCV  
  97  6:42  SCV x2  
  100  6:50  Marine x2  
  100  6:51  Barracks Reactor, Supply Depot  
  100  6:52  Combat Shields, Marine, Siege Tank  
  100  6:53  SCV  
  107  6:54  SCV  
  107  6:56  Marine x2  
  110  7:03  SCV  
  110  7:05  SCV  
  110  7:06  Refinery  
  110  7:07  SCV  
  110  7:08  Marine x2  
  113  7:09  Armory  
  113  7:10  Marine  
  113  7:11  Barracks  
  113  7:12  Barracks  
  113  7:14  Barracks  
  113  7:15  Supply Depot, SCV  
  116  7:17  SCV  
  116  7:21  Medivac x2  
  122  7:25  Marine x4  
  122  7:26  Marine  
  122  7:28  Marine x2  
  129  7:32  SCV x2  
  129  7:33  SCV  
  129  7:34  Marine x2  
  127  7:43  Marine x3  
  130  7:44  SCV  
  130  7:45  SCV x2  
  130  7:50  Marine x4  
  127  7:52  Marine x2  
  127  7:56  SCV  
  126  8:00  Marine  
  126  8:01  Marine x2  
  126  8:02  Medivac  
  126  8:03  Medivac  
  126  8:04  Missile Turret  
  133  8:05  Missile Turret  
  133  8:06  Terran Infantry Armor Level 2, Terran Infantry Weapons Level 2  
  133  8:08  Marine  
  133  8:10  Barracks Reactor, Barracks Tech Lab  
  133  8:12  Barracks Tech Lab  
  132  8:13  Marine  
  132  8:14  Marine x3  
  132  8:17  Missile Turret  
  136  8:25  Supply Depot  
  139  8:27  Supply Depot  
  139  8:28  Thor  
  139  8:33  Marauder x2  
  146  8:37  Marine x3  
  149  8:41  Supply Depot x2  
  149  8:46  Marine  
  149  8:47  Marauder  
  152  8:51  Command Center  
  152  8:52  Terran Vehicle Weapons Level 1  
  152  8:59  Factory  
  152  9:00  Supply Depot  
  152  9:01  Marauder  
  152  9:02  Marine x3  
  155  9:04  Barracks Reactor, Marine  
  155  9:05  Marine  
  155  9:07  Marauder  
  155  9:08  Marine  
  155  9:09  Marine  
  163  9:12  Marine  
  163  9:13  Supply Depot  
  164  9:19  Marauder  
  164  9:24  Marine x3  
  167  9:28  Thor, Drilling Claws  
  175  9:33  Marine  
  175  9:34  Marine x2  
  175  9:35  Marauder  
  178  9:40  Marauder  
  178  9:41  Marine x4  
  178  9:44  Widow Mine  
  178  9:45  Widow Mine  
  186  9:49  Medivac x2  
  190  9:58  Sensor Tower, Missile Turret  
  188  10:11  Widow Mine, Missile Turret  
  188  10:12  Widow Mine  
  198  10:15  Widow Mine  
  198  10:16  Marauder x2  
  198  10:23  Terran Infantry Weapons Level 3  
  198  10:26  Planetary Fortress  
  198  10:28  SCV x2  
  200  10:32  Missile Turret  
  200  10:39  Refinery  
  199  10:48  Refinery, Terran Infantry Armor Level 3  
  191  10:59  Marauder x2  
  191  11:00  Marine x2  
  191  11:02  Marine  
  192  11:06  Marauder  
  192  11:07  Marine x2  
  189  11:13  Marine  
  189  11:15  Marine x2  
  187  11:19  Command Center  
  187  11:20  Marauder  
  187  11:22  Marauder  
  187  11:25  Marine x2  
  167  11:39  Marauder  
  151  11:44  Marauder x2  
  151  11:46  Marine x2  
  156  11:48  Medivac x2  
  154  11:56  Widow Mine x2  
  154  11:57  Widow Mine  
  154  11:58  Marine x8  
  154  12:01  Marauder  
  163  12:04  Marine x2  
  163  12:06  Marauder x2  
  168  12:15  Marine  
  168  12:16  Marine x3  
  168  12:17  Widow Mine  
  168  12:18  Medivac x2  
  168  12:20  Widow Mine x2  
  168  12:22  Marauder  
  184  12:27  Marauder x2  
  184  12:29  Marine x3  
  191  12:36  Marine  
  192  12:37  Marine  
  192  12:38  Marine x4  
  192  12:39  Planetary Fortress  
  192  12:43  Marauder  
  198  12:55  Marine x2, Marauder  
  198  12:56  Marauder  
  156  12:59  Marine x2  
  156  13:00  Medivac x2  
  156  13:05  Marauder  
  154  13:07  Marine x3  
  152  13:12  Marine  
  152  13:13  Liberator x2, Marine x2  
  152  13:14  Widow Mine x3  
  152  13:17  Marauder x2  
  165  13:21  Marine  
  165  13:22  Marine  
  165  13:26  Marauder  
  135  13:35  Widow Mine  
  135  13:37  Marine x2  
  135  13:38  Marine, Marauder x2  
  135  13:40  Marine x2  
  133  13:41  Widow Mine  
  133  13:42  Widow Mine  
  133  13:48  Marauder  
  134  13:50  Marine x2  
  134  13:51  Ghost Academy  
  136  13:57  Widow Mine  
  136  14:00  Marauder x2  
  142  14:03  Widow Mine  
  142  14:05  Marine x2  
  142  14:06  Barracks Tech Lab, Marine x4  
  142  14:08  Marine  
  142  14:09  Marauder  
  153  14:13  Widow Mine, Medivac x2  
  159  14:18  Widow Mine  
  159  14:20  Ghost x2  
  165  14:24  Widow Mine, Command Center  
  165  14:30  Ghost  
  143  14:37  Marine x4, Marauder  
  128  14:39  Widow Mine  
  128  14:40  Widow Mine  
  128  14:42  Marine  
  128  14:44  Marine x3  
Show
View Real Time Build Order
Export as new Build Order

soO Zerg - Winner!

Build Orders: Hatch First, Muta Ling Bane 

Get SALT Encoding   

  12  0:00  Drone  
  13  0:12  Overlord  
  13  0:17  Drone  
  14  0:30  Drone x2  
  14  0:34  Drone  
  17  0:50  Hatchery  
  17  0:54  Drone  
  17  0:57  Drone  
  18  1:07  Extractor  
  17  1:12  Spawning Pool  
  17  1:15  Drone  
  17  1:18  Drone  
  18  1:28  Drone  
  19  1:38  Overlord  
  19  1:59  Queen, Zergling x2  
  19  2:00  Zergling x2  
  23  2:02  Queen, Zergling x2  
  23  2:06  Metabolic Boost  
  26  2:10  Drone  
  26  2:13  Drone  
  28  2:22  Drone  
  29  2:25  Drone  
  30  2:35  Queen  
  30  2:36  Overlord  
  32  2:39  Spore Crawler  
  32  2:40  Drone  
  31  2:45  Drone  
  31  2:46  Pneumatized Carapace  
  31  2:51  Drone  
  34  2:54  Drone  
  34  2:56  Drone  
  36  3:04  Drone  
  37  3:08  Overlord, Drone x2  
  37  3:09  Drone  
  40  3:18  Drone x2  
  40  3:19  Drone  
  43  3:28  Hatchery  
  43  3:30  Drone  
  44  3:34  Drone  
  44  3:39  Overlord  
  44  3:41  Queen  
  44  3:45  Queen  
  48  3:50  Drone x2  
  48  3:55  Overlord  
  50  3:59  Drone  
  50  4:00  Drone  
  52  4:03  Drone  
  52  4:04  Drone x3  
  52  4:06  Extractor  
  55  4:10  Drone  
  55  4:12  Zergling x2  
  55  4:14  Baneling Nest, Zergling x4  
  58  4:18  Drone  
  58  4:19  Drone x3  
  62  4:25  Lair  
  62  4:29  Drone x2, Extractor  
  63  4:34  Drone  
  63  4:35  Drone  
  65  4:41  Zergling x4  
  67  4:46  Zergling x2  
  67  4:52  Drone x2  
  70  4:53  Overlord  
  70  4:56  Overlord  
  70  5:00  Evolution Chamber x2  
  70  5:04  Baneling x5  
  70  5:05  Overlord  
  68  5:08  Overlord  
  68  5:09  Overlord  
  68  5:11  Queen  
  68  5:14  Zergling x6  
  72  5:18  Overlord  
  73  5:26  Drone x4  
  73  5:27  Drone  
  73  5:28  Zerg Ground Armor Level 1, Zerg Melee Weapons Level 1  
  78  5:42  Zergling x14  
  79  5:43  Drone x2  
  79  5:45  Centrifical Hooks  
  79  5:46  Drone  
  82  5:50  Drone  
  82  5:51  Drone  
  82  5:52  Extractor  
  82  5:54  Spire, Extractor x2  
  80  5:57  Drone x4  
  80  5:58  Drone x2  
  80  5:59  Drone  
  87  6:04  Drone x2  
  87  6:08  Drone  
  90  6:14  Overlord  
  90  6:19  Drone  
  90  6:20  Drone x2  
  90  6:21  Drone  
  90  6:23  Drone  
  94  6:26  Overlord  
  94  6:27  Hatchery  
  94  6:28  Overlord  
  94  6:29  Overlord  
  94  6:32  Hatchery  
  92  6:34  Overlord  
  92  6:38  Zergling x8  
  96  6:49  Zergling x8  
  100  6:56  Zergling x4  
  102  7:06  Mutalisk x8  
  102  7:08  Zergling x8  
  122  7:12  Baneling x4  
  122  7:17  Baneling  
  122  7:18  Baneling x4, Zergling x2  
  122  7:19  Zergling x4  
  125  7:27  Overlord  
  125  7:32  Zergling x8  
  127  7:37  Zergling x4  
  127  7:38  Zerg Ground Armor Level 2, Zerg Melee Weapons Level 2  
  127  7:41  Queen  
  128  7:53  Zerg Flyer Weapons Level 1  
  128  7:54  Mutalisk  
  128  7:56  Drone x6  
  128  7:57  Drone x3  
  137  8:04  Mutalisk  
  137  8:05  Mutalisk  
  139  8:07  Drone x4  
  143  8:15  Overlord x3, Infestation Pit  
  143  8:18  Mutalisk  
  143  8:19  Zergling x12  
  150  8:25  Mutalisk  
  152  8:27  Extractor  
  152  8:31  Zergling x2  
  152  8:32  Zergling x14  
  159  8:42  Zergling x2  
  159  8:43  Zergling x8  
  164  8:51  Zergling x16  
  164  8:53  Baneling x2  
  172  8:56  Zergling x6  
  172  8:59  Baneling x5  
  172  9:00  Baneling  
  172  9:01  Zergling x10  
  180  9:05  Burrow  
  180  9:06  Hive, Zergling x2  
  180  9:07  Zergling x6  
  184  9:21  Zergling x10  
  184  9:22  Zergling x2  
  184  9:24  Overlord x2  
  187  9:40  Hatchery  
  186  9:49  Zergling x4  
  186  9:50  Zergling x22  
  186  9:51  Baneling x16  
  186  9:52  Baneling x2  
  199  9:57  Baneling x3  
  199  9:58  Baneling x8  
  199  10:18  Zerg Melee Weapons Level 3, Zerg Ground Armor Level 3  
  199  10:19  Adrenal Glands  
  199  10:21  Zerg Flyer Armor Level 1  
  198  10:43  Ultralisk Cavern  
  198  10:46  Zergling x10  
  198  10:48  Baneling x9  
  198  10:49  Baneling x4  
  178  11:12  Zergling x6  
  178  11:13  Zergling x12  
  178  11:17  Zergling x6  
  178  11:18  Zergling x50  
  142  11:42  Mutalisk x2  
  142  11:43  Mutalisk x4  
  153  11:51  Ultralisk  
  153  11:52  Ultralisk  
  156  12:03  Ultralisk x2  
  156  12:07  Zergling x2  
  156  12:08  Zergling x30  
  184  12:11  Baneling x2  
  184  12:12  Baneling x5  
  184  12:22  Chitinous Plating  
  184  12:26  Drone x2  
  186  12:34  Extractor  
  186  12:35  Baneling x6  
  186  12:36  Corruptor, Extractor  
  186  12:40  Extractor  
  186  12:42  Drone  
  186  12:47  Baneling x4  
  186  12:48  Baneling x2  
  180  12:55  Hatchery  
  180  12:58  Ultralisk, Zergling x34  
  154  12:59  Zergling x12  
  157  13:13  Ultralisk x2, Zergling x32  
  157  13:14  Baneling  
  157  13:15  Baneling x2  
  157  13:18  Baneling x4  
  173  13:21  Baneling x2  
  144  13:40  Ultralisk, Zergling x2  
  144  13:41  Zergling x18  
  151  13:48  Overseer x2  
  144  13:50  Drone x5  
  144  13:53  Ultralisk, Zergling x20  
  144  13:54  Zergling x2  
  164  14:01  Ultralisk, Zergling x6  
  173  14:11  Drone  
  173  14:12  Baneling  
  173  14:13  Corruptor, Zergling x2, Baneling x7  
  173  14:14  Zergling x12  
  183  14:19  Baneling x6  
  158  14:33  Zergling x24  
  171  14:44  Zergling x2  
  171  14:45  Zergling x10  
  155  14:48  Zergling x6  
Tags
 
Add a new tag
Caveats
  • Supply blocks, unpowered buildings, or Contaminate may cause inaccurate times.
  • Supply counts are checked every 10 seconds.